 Dungeon Crawl Stone Soup version 0.20.1-1-g8b1a95d (webtiles) character file.

374810 rwitter00 the Hoplite (level 22, -25/129 HPs)
             Began as a Gargoyle Fighter on Oct 19, 2017.
             Was a High Priest of Hepliaklqana.
             Killed by the air
             ... invoked by a titan
              (54 damage)
             ... on level 5 of the Vaults.
             The game lasted 03:47:37 (40672 turns).

rwitter00 the Hoplite (Gargoyle Fighter)           Turns: 40672, Time: 03:47:37

Health: -25/129    AC: 49    Str: 30    XL:     22   Next: 75%
Magic:  0/28       EV: 23    Int: 15    God:    Hepliaklqana [*****.]
Gold:   87         SH: 29    Dex: 12    Spells: 21/21 levels left

rFire    + . .     SeeInvis .   t - +5 flail of Hepliaklqana's Delight {crush, rF+ Str+3 Int+2}
rCold    . . .     Gourm    .   p - +1 large shield
rNeg     + . .     Faith    .   k - +7 plate armour {ponderous}
rPois    ∞         Spirit   +   v - +0 helmet
rElec    +         Reflect  +   O - scarf {Spirit}
rCorr    .         Harm     .   w - +0 pair of gloves
MR       +....                  e - +2 pair of boots
Stlth    ..........             N - +3 amulet of reflection
Regen    0.4/turn               G - ring of Phasing {EV+8}
MPRegen  0.3/turn               D - +4 ring of slaying

@: flying, very slightly contaminated, drained, invisible, slow
A: reduced essence, big wings, thin skeletal structure 1, clever 1, negative
energy resistance 1, electricity resistance, unbreathing, petrification
resistance, rot immunity, AC +16
}: 2/15 runes: barnacled, gossamer
a: Stop Flying, Recall Ancestor, Ancestor Identity, Transference, Idealise,
Renounce Religion


You were on level 5 of the Vaults.
You worshipped Hepliaklqana.
Hepliaklqana was extremely pleased with you.
You were near starving.

You visited 6 branches of the dungeon, and saw 35 of its levels.
You also visited: Ossuary and Ice Cave.

You collected 3617 gold pieces.
You spent 3530 gold pieces at shops.

Inventory:

Hand Weapons
 t - the +5 flail of Hepliaklqana's Delight (weapon) {crush, rF+ Str+3 Int+2}
   (You found it on level 13 of the Dungeon)

   It inflicts extra damage upon your enemies.
   It affects your strength (+3).
   It affects your intelligence (+2).
   It protects you from fire.
 S - a +0 rapier
 W - a +4 dire flail of holy wrath
Armour
 e - a +2 pair of boots (worn)
 k - a +7 plate armour of ponderousness (worn)
 p - a +1 large shield (worn)
 v - a +0 helmet (worn)
 w - a +0 pair of gloves (worn)
 O - a scarf of spirit shield (worn)
Jewellery
 h - an uncursed ring of resist corrosion
 D - a +4 ring of slaying (right hand)
 G - the ring of Phasing (left hand) {EV+8}
   (You found it on level 6 of the Dungeon)

   [ring of evasion]

   It affects your evasion (+8).
 N - a +3 amulet of reflection (around neck)
Wands
 n - a wand of confusion (28/48)
 r - a wand of flame (31/48)
 F - a wand of digging (5/24)
 M - a wand of enslavement (5/24)
 P - a wand of clouds (0/9)
 V - a wand of confusion (26/48)
Scrolls
 a - 2 scrolls of silence
 i - a scroll of identify
 q - 7 scrolls of amnesia
 x - a scroll of magic mapping
 y - 2 scrolls of summoning
 z - 10 scrolls of teleportation
 E - 5 scrolls of enchant weapon
 H - 14 scrolls of remove curse
 Q - 5 scrolls of enchant armour
 T - 2 scrolls of fear
 X - a scroll of fog
Potions
 j - 3 potions of curing
 o - 2 potions of magic
 u - 2 potions of cancellation
 U - 2 potions of agility
 Y - a potion of berserk rage
Books
 C - a book of Fire

   Spells                             Type                      Level
   a - Ignite Poison                  Fire/Transmutation/Poison    3
   b - Fireball                       Conjuration/Fire             5
   c - Bolt of Fire                   Conjuration/Fire             6
   d - Ring of Flames                 Charms/Fire                  7
   e - Ignition                       Fire                         8
Miscellaneous
 B - a lightning rod (inert)
 J - 2 phantom mirrors
Comestibles
 f - 17 bread rations
 g - 20 meat rations
 l - 22 royal jellies
 L - 19 fruits


   Skills:
 + Level 16.9(16.6) Fighting
 - Level 14.0(13.7) Maces & Flails
 - Level 17.6(17.4) Armour
 - Level 14.4(14.2) Dodging
 * Level 22.2(22.0) Shields
 - Level 9.2(9.0) Invocations
 - Level 9.3(9.1) Evocations


You had 21 spell levels left.
You didn't know any spells.

Dungeon Overview and Level Annotations

Branches:
Dungeon (14/15)            Temple (0/1) D:6            Lair (6/6) D:8
 Shoals (4/4) Lair:2       Spider (4/4) Lair:3        Slime (0/5) Lair:6
    Orc (2/2) D:10            Elf (0/3) Orc:2        Vaults (5/5) D:14
  Crypt (0/3) Vaults:3

Altars:
Ashenzari
Dithmenos
Fedhas
Gozag
Hepliaklqana
Kikubaaqudgha
Nemelex Xobeh
Ru
Sif Muna
Vehumet
Yredelemnul
Zin
The Shining One
Jiyva

Shops:
D:13 *   Orc:2 !?[%   Shoals:4 }   Vaults:1 *   Vaults:3 (   Vaults:4 [=*%


Innate Abilities, Weirdness & Mutations

You are resistant to torment.
Your stone body is resilient. (AC +16)
You are immune to poison.
Your large and strong wings let you fly indefinitely.
You resist negative energy. (rN+)
You are resistant to electric shocks. (rElec)
You can survive without breathing.
You are immune to petrification.
You are immune to rotting.
Your life essence is reduced to manifest your ancestor. (-10% HP)
You have a somewhat thin skeletal structure. (Dex +2, Stealth)
Your mind is acute. (Int +2)


Message History

The faun is lightly wounded.
Evoking this partially-identified wand wasted a few charges.
You feel better.
The titan waves its arms in wide circles.
The air twists around and violently strikes you in flight!
Okay, then.
You feel better.
The titan waves its arms in wide circles.
The air twists around and violently strikes you in flight!
* * * LOW HITPOINT WARNING * * *
You block the faun's attack.
You feel better. You block the faun's attack.
You feel better. You block the faun's attack.
You fade into invisibility!
You block the faun's attack.
You are very lightly contaminated with residual magic.
The faun changes into a swamp dragon!
The titan waves its arms in wide circles.
The air twists around and violently strikes you in flight!
You die...

*********,,,,,,,,****************
,,,,,,,,,,,,,,,...,*,*,*,,,,,*,*,
**,,,,**,,*,,,,#.#,*,*,*,*,*,*,*,
***,,****,*,,,,#.#,*,,,*,*,*,*,*,
***,,****,*,,,,#.#,*,*,*,*,*,,,*,
**,,,,**,,*,,,,#.#,,,*,*,*,,,*,*,
,,,,,,,,,,*,,,,#.#,*,,,*,,,*,*,,,
**,,,,**,,*,,,,#.#,*,*,*,*,*,*,*,
***,,****,*,,,,#@#,*,*,,,*,*,,,*,
***,,****,*,,,,#.#,*,*,*,*,*,*,*,
**,,,,**,,*,,,,#.#,,,*,*,,,*,*,*,
,,,**,,,,,*,,,,#D#,*,*,*,*,*,,,*,
**,**,**,,*,,,,#C#,*,*,*,*,*,*,*,
**,,,,**,,*,,,,#p#,*,*,*,*,,,*,*,
,,,,,,,,,,*,,,,#.#,*,*,,,*,*,*,*,
*,,,,,,**,*,,,,#)#,*,*,*,*,*,,,*,
*,,,,,,**,*,,,,#)#,*,,,*,*,*,*,*,


You could see a titan, a vault warden and a swamp dragon shaped shifter.

Vanquished Creatures
  An ancient lich (Vaults:5)
  Saint Roka (Vaults:4)
  Boris (Vaults:4)
  A golden dragon (Vaults:5)
  Arachne (Spider:2)
  A tentacled monstrosity (Vaults:5)
  Asterion (Vaults:1)
  2 titans (Vaults:5)
  A quicksilver dragon (Vaults:5)
  A titan (shapeshifter) (Vaults:5)
  A lich (Vaults:5)
  Polyphemus (Shoals:4)
  4 sphinxes
  A kraken (Shoals:3)
  2 tengu reavers (Vaults:5)
  3 shadow dragons (Vaults:5)
  Donald (Vaults:1)
  5 ghost moths
  Ilsuiw (Shoals:4)
  4 fire giants
  3 frost giants (Vaults:5)
  Aizul (Spider:3)
  An iron dragon (Vaults:5)
  4 deep elf sorcerers
  16 vault wardens
  8 emperor scorpions
  2 large abominations (Vaults:5)
  12 ironheart preservers
  3 war gargoyles (Vaults:5)
  4 entropy weavers
  A very ugly thing (Vaults:5)
  7 stone giants
  A deep elf demonologist (Vaults:5)
  A deep elf annihilator (Vaults:5)
  6 spark wasps
  2 ettins (Vaults:5)
  A deep elf death mage (Vaults:4)
  3 merfolk javelineers (Shoals:4)
  Josephine (Orc:2)
  3 fire dragons
  7 merfolk impalers
  3 slime creatures
  2 deep elf high priests (Vaults:5)
  4 small abominations (Vaults:5)
  9 yaktaur captains
  A rakshasa (Vaults:2)
  5 ice dragons
  33 vault guards
  5 hydras
  3 merfolk avatars (Shoals:4)
  5 ogre magi
  2 catoblepae
  2 centaur warriors (Vaults:3)
  2 alligator snapping turtles (Shoals:3)
  3 death yaks
  20 two-headed ogres
  4 death knights
  3 deep troll shamans
  4 merfolk aquamancers
  2 satyrs (Shoals:3)
  5 deep troll earth magi
  5 deep elf knights
  A storm dragon zombie (Vaults:3)
  A shadow wraith (Vaults:3)
  5 skeletal warriors (Vaults:1)
  19 deep trolls
  12 sea snakes
  3 deep elf archers
  A wizard (Vaults:3)
  A glowing orange brain (shapeshifter) (Vaults:2)
  14 harpies
  8 ironbrand convokers
  A lindwurm (Lair:6)
  3 phantasmal warriors (Vaults:5)
  A necromancer (Vaults:3)
  7 orc knights
  12 fauns
  6 deep elf magi
  24 orb spiders
  14 ugly things
  An orc sorcerer (Vaults:5)
  31 wolf spiders
  8 merfolk sirens
  23 manticores
  A moth of wrath (Spider:4)
  10 cyclopes
  19 elephants (Lair:6)
  12 vault sentinels
  9 black mambas
  7 spiny frogs
  A torpor snail (shapeshifter) (Vaults:3)
  2 torpor snails
  6 water nymphs
  A spiny frog (shapeshifter) (D:14)
  A kobold demonologist (D:13)
  5 rime drakes
  3 komodo dragons
  16 demonic crawlers
  5 freezing wraiths
  A yaktaur (shapeshifter) (Vaults:1)
  25 yaktaurs
  An ice devil (IceCv)
  3 meliai (Lair:5)
  38 jumping spiders
  A queen bee (Lair:5)
  A troll (shapeshifter) (Vaults:2)
  32 merfolk
  2 meliai (shapeshifter)
  6 hornets
  7 trolls
  Grinder (D:3)
  2 polar bears
  3 wind drakes
  7 hippogriffs
  5 blink frogs (Lair:4)
  6 snapping turtles
  A dream sheep (Lair:6)
  A stone giant simulacrum (Vaults:3)
  5 wraiths
  Sigmund (D:5)
  27 tarantellas
  2 water elementals
  Eustachio (D:6)
  68 redbacks
  A spriggan (D:13)
  4 wyverns
  34 yaks
  A basilisk (Lair:6)
  The ghost of Wriath the Caller, an amateur DrSu (D:4)
  2 vampire mosquitoes (D:12)
  Menkaure (D:5)
  3 wargs
  A soldier ant (shapeshifter) (Vaults:3)
  3 acid dragons
  6 porcupines
  10 water moccasins
  A porcupine (shapeshifter) (Vaults:5)
  27 orc warriors
  2 ice beasts
  2 sky beasts
  A black bear (shapeshifter) (D:14)
  A phantom (D:7)
  34 ogres
  7 boggarts
  The ghost of antares the Ruffian, an amateur DrTm of the Shining One (D:3)
  A centaur (shapeshifter) (Vaults:5)
  2 crocodiles (shapeshifter)
  5 wolves
  8 centaurs
  7 hexers
  12 crocodiles
  4 big kobolds
  8 bullfrogs
  An ogre simulacrum (Vaults:1)
  A wyvern skeleton (D:12)
  3 scorpions
  A water moccasin skeleton (D:8)
  A human simulacrum (Vaults:2)
  17 killer bees
  8 wights (D:11)
  A vampire bat (D:3)
  2 electric eels
  5 howler monkeys
  8 crimson imps
  A centaur zombie (D:7)
  A human zombie (Ossuary)
  2 jellies
  Crazy Yiuf (D:3)
  3 centaur skeletons
  8 orc priests
  6 hounds
  An iguana (shapeshifter) (Vaults:5)
  11 orc wizards
  Ijyb (D:5)
  2 iguanas
  Natasha (thrice) (D:2)
  9 worker ants
  10 hell rats
  A killer bee zombie (D:10)
  3 big kobold zombies (Ossuary)
  2 hound zombies
  2 hound skeletons
  A mummy (Ossuary)
  Robin (D:2)
  A howler monkey skeleton (D:8)
  7 adders
  2 river rats (Lair:5)
  2 shadow imps
  2 oozes
  An adder skeleton (D:4)
  5 worms
  4 dart slugs
  7 leopard geckos
  48 orcs
  2 ball pythons
  4 bats
  2 bat skeletons (D:3)
  2 bat zombies (D:3)
  4 giant cockroaches
  21 goblins
  10 hobgoblins
  3 jackals
  3 quokkas
  5 frilled lizards
  A hobgoblin zombie (Ossuary)
  A jackal skeleton (D:6)
  14 kobolds
  A leopard gecko skeleton (D:5)
  5 rats
  A crawling corpse (Vaults:5)
  A fungus (Lair:2)
  2 plants
1252 creatures vanquished.

Vanquished Creatures (collateral kills)
  Jory (Vaults:4)
  A sphinx (Vaults:3)
  A tengu reaver (Vaults:5)
  A ghost moth (Spider:4)
  A vault warden (Vaults:4)
  A fire giant (Vaults:3)
  3 emperor scorpions
  3 ironheart preservers
  2 entropy weavers
  2 stone giants
  A deep elf demonologist (Vaults:4)
  2 merfolk javelineers
  A fire dragon (Vaults:4)
  4 ogre magi
  A great orb of eyes (Vaults:3)
  Fannar (Orc:1)
  A yaktaur captain (Vaults:1)
  3 hydras
  An ice dragon (Vaults:4)
  3 merfolk aquamancers (Shoals:4)
  A vault guard (D:14)
  6 two-headed ogres
  2 centaur warriors (Vaults:1)
  Sonja (Lair:3)
  3 sea snakes
  A deep troll (Vaults:2)
  An unseen horror (D:13)
  A glowing orange brain (Vaults:3)
  2 wizards
  2 deep elf archers
  An orange crystal statue (Vaults:3)
  A necromancer (Vaults:3)
  2 orc knights
  4 harpies
  8 wolf spiders
  4 ugly things
  5 orb spiders
  5 manticores
  5 fauns
  An orc sorcerer (Vaults:1)
  2 cyclopes
  4 elephants (Lair:6)
  2 vault sentinels
  A rime drake (Lair:5)
  2 spiny frogs
  2 komodo dragons
  An ice devil (IceCv)
  9 yaktaurs
  A demonic crawler (Spider:3)
  4 merfolk
  10 jumping spiders
  A polar bear (Lair:4)
  2 trolls
  A wind drake (Shoals:4)
  A hornet (shapeshifter) (Vaults:2)
  A tengu simulacrum (Vaults:3)
  2 blink frogs (Lair:4)
  4 hippogriffs
  A water elemental (Shoals:2)
  3 snapping turtles
  8 tarantellas
  21 redbacks
  11 yaks
  A wyvern (D:14)
  A steam dragon (D:8)
  A warg (Orc:2)
  3 water moccasins
  3 porcupines
  2 orc warriors
  A sky beast (D:12)
  2 boggarts
  2 necrophages
  4 wolves
  9 ogres
  4 centaurs
  4 crocodiles
  A human skeleton (Vaults:3)
  A big kobold (D:10)
  4 bullfrogs
  A scorpion (Spider:2)
  8 killer bees
  A vampire bat (D:3)
  A wight (D:11)
  An electric eel (Lair:2)
  2 howler monkeys
  3 centaur zombies
  4 orc priests
  8 orc wizards
  2 human zombies
  2 bullfrog skeletons (D:4)
  A centaur skeleton (D:8)
  3 hell rats
  A worker ant (D:14)
  A hound zombie (D:9)
  3 mummies (Ossuary)
  A worker ant zombie (D:10)
  2 adders
  3 river rats (Lair:5)
  An ooze (D:4)
  A worm (D:3)
  16 orcs
  2 bat skeletons (D:3)
  2 gnoll zombies (Ossuary)
  3 jackals
  A quokka (D:10)
  A ball python (D:4)
  A ball python skeleton (D:4)
  2 bats (D:3)
  A frilled lizard (D:3)
  A goblin (D:3)
  A hobgoblin zombie (Ossuary)
  A jackal zombie (Ossuary)
  3 kobolds
  An orc zombie (Ossuary)
  A rat (Lair:5)
  A fungus (Lair:2)
315 creatures vanquished.

Vanquished Creatures (others)
  A merfolk javelineer (Shoals:3)
  A yaktaur captain (Vaults:2)
  A centaur warrior (Vaults:3)
  A deep troll (Vaults:5)
  A deep elf archer (Vaults:3)
  An ironbrand convoker (Vaults:4)
  A manticore (Shoals:2)
  A deep elf mage (Vaults:4)
  A faun (Shoals:3)
  3 yaktaurs
  An orc warrior (Vaults:2)
  An ogre (Vaults:2)
  A centaur (Vaults:3)
  A killer bee (Lair:5)
  A hound (D:6)
  An orc wizard (D:4)
  37 hexers
  An ancestor (D:5)
  2 goblins (D:2)
  26 fungi
  12 plants
  4 tentacles (Shoals:3)
100 creatures vanquished.

Grand Total: 1667 creatures vanquished

Notes
Turn   | Place    | Note
-------+----------+-------------------------------------------
     0 | D:1      | rwitter00 the Gargoyle Fighter began the quest for the Orb.
     0 | D:1      | Reached XP level 1. HP: 14/14 MP: 1/1
   143 | D:1      | Reached XP level 2. HP: 9/19 MP: 2/2
   382 | D:1      | Reached XP level 3. HP: 17/23 MP: 3/3
   672 | D:2      | Noticed Natasha
   683 | D:2      | Killed Natasha
   703 | D:2      | Reached XP level 4. HP: 24/28 MP: 4/4
   966 | D:2      | Noticed Natasha
   974 | D:2      | Killed Natasha
   974 | D:2      | Reached skill level 4 in Shields
  1034 | D:2      | Noticed Robin
  1051 | D:2      | Killed Robin
  1051 | D:2      | Reached XP level 5. HP: 11/32 MP: 5/5
  1709 | D:2      | Noticed Natasha
  1721 | D:2      | Killed Natasha
  1988 | D:3      | Noticed a centaur
  2007 | D:3      | Killed a centaur
  2007 | D:3      | Reached XP level 6. HP: 26/37 MP: 6/6
  2092 | D:3      | Noticed Grinder
  2104 | D:3      | Paralysed by Grinder for 2 turns
  2119 | D:3      | Killed Grinder
  2119 | D:3      | Reached skill level 5 in Maces & Flails
  2119 | D:3      | Reached skill level 5 in Armour
  2119 | D:3      | Reached skill level 5 in Shields
  2119 | D:3      | Reached XP level 7. HP: 30/41 MP: 7/7
  2355 | D:3      | Found a hazy altar of Hepliaklqana.
  2365 | D:3      | Became a worshipper of Hepliaklqana the Forgotten
  2372 | D:3      | Noticed antares's ghost (amateur DrTm)
  2388 | D:3      | Killed antares's ghost
  2498 | D:3      | Found a runed door.
  2622 | D:3      | Noticed Crazy Yiuf
  2634 | D:3      | Killed Crazy Yiuf
  2788 | D:3      | Found an ancient bone altar of Kikubaaqudgha.
  3249 | D:3      | Gained mutation: You expend magic power (3 MP) to strengthen your wands. [potion of mutation]
  3249 | D:3      | Gained mutation: Armour fits poorly on your strangely shaped body. [potion of mutation]
  3249 | D:3      | Gained mutation: You are partially covered in slimy green scales. (AC +2) [potion of mutation]
  3249 | D:3      | Gained mutation: You have sharp toenails. [potion of mutation]
  3321 | D:4      | Reached XP level 8. HP: 39/41 MP: 8/8
  3543 | D:4      | Noticed Wriath's ghost (amateur DrSu)
  3567 | D:4      | Killed Wriath's ghost
  3567 | D:4      | Reached skill level 6 in Shields
  3836 | D:4      | Reached * piety under Hepliaklqana
  4256 | D:5      | Entered Level 5 of the Dungeon
  4389 | D:5      | Noticed Menkaure
  4399 | D:5      | Killed Menkaure
  4501 | D:5      | Found a sand-covered staircase.
  4511 | Ossuary  | Entered an ossuary
  4757 | Ossuary  | Lost mutation: You have sharp toenails. [potion of mutation]
  4757 | Ossuary  | Lost mutation: You expend magic power (3 MP) to strengthen your wands. [potion of mutation]
  4757 | Ossuary  | Lost mutation: You are partially covered in slimy green scales. (AC +2) [potion of mutation]
  4757 | Ossuary  | Lost mutation: Armour fits poorly on your strangely shaped body. [potion of mutation]
  4757 | Ossuary  | Gained mutation: You have a somewhat thin skeletal structure. (Dex +2, Stealth) [potion of mutation]
  4757 | Ossuary  | Gained mutation: Your mind is acute. (Int +2) [potion of mutation]
  4772 | Ossuary  | Reached ** piety under Hepliaklqana
  4779 | Ossuary  | Remembered your ancestor Lucius as a hexer
  4846 | D:5      | Reached XP level 9. HP: 27/45 MP: 9/9
  4984 | D:5      | Reached skill level 7 in Shields
  5033 | D:5      | Noticed Sigmund
  5034 | D:5      | Noticed Ijyb
  5043 | D:5      | Killed Ijyb
  5063 | D:5      | Killed Sigmund
  5139 | D:5      | Found a deep blue altar of Sif Muna.
  5518 | D:6      | Found a basalt altar of Yredelemnul.
  5521 | D:6      | You fall through a shaft!
  5933 | D:6      | Found a shattered altar of Ashenzari.
  6197 | D:6      | Noticed Eustachio
  6229 | D:6      | Killed Eustachio
  6314 | D:6      | Found a sparkling altar of Nemelex Xobeh.
  6431 | D:6      | Found a staircase to the Ecumenical Temple.
  6687 | D:7      | Found an opulent altar of Gozag.
  6735 | D:7      | Reached skill level 8 in Shields
  6924 | D:7      | Reached XP level 10. HP: 50/50 MP: 10/10
  6944 | D:7      | Reached skill level 10 in Maces & Flails
  7005 | D:7      | Found a blossoming altar of Fedhas.
  7286 | D:8      | Noticed a two-headed ogre
  7296 | D:8      | Killed a two-headed ogre
  7314 | D:8      | Found a glowing golden altar of the Shining One.
  7372 | D:8      | Reached *** piety under Hepliaklqana
  7373 | D:8      | Found a glowing silver altar of Zin.
  7393 | D:8      | Found a radiant altar of Vehumet.
  7442 | D:8      | Noticed a two-headed ogre
  7451 | D:8      | Killed a two-headed ogre
  7451 | D:8      | Reached skill level 9 in Shields
  7755 | D:8      | Found a staircase to the Lair.
  7958 | Lair:1   | Entered Level 1 of the Lair of Beasts
  8042 | Lair:1   | Noticed a black mamba
  8051 | Lair:1   | Killed a black mamba
  8051 | Lair:1   | Reached XP level 11. HP: 54/54 MP: 11/11
  8142 | Lair:1   | Reached **** piety under Hepliaklqana
  8326 | Lair:1   | Found an ancient bone altar of Kikubaaqudgha.
  8864 | Lair:1   | Noticed a six-headed hydra
  8879 | Lair:1   | Killed a six-headed hydra
  8884 | Lair:1   | Reached skill level 10 in Armour
  9144 | Lair:2   | Reached skill level 10 in Shields
  9807 | Lair:2   | Found a staircase to the Shoals.
 10568 | Lair:2   | Reached ***** piety under Hepliaklqana
 10878 | Lair:3   | Noticed Sonja
 10914 | Lair:3   | Killed Sonja
 10983 | Lair:3   | Reached skill level 1 in Invocations
 11179 | Lair:3   | Reached XP level 12. HP: 49/59 MP: 13/13
 11237 | Lair:3   | Found a frozen archway.
 11251 | IceCv    | Entered an ice cave
 11839 | Lair:3   | Found a hole to the Spider Nest.
 13029 | Lair:4   | Reached skill level 5 in Invocations
 13038 | Lair:4   | Reached skill level 5 in Fighting
 13502 | Lair:5   | Noticed a death yak
 13531 | Lair:5   | Killed a death yak
 13573 | Lair:5   | Reached XP level 13. HP: 53/66 MP: 14/17
 14100 | Lair:6   | Entered Level 6 of the Lair of Beasts
 14170 | Lair:6   | Found a staircase to the Slime Pits.
 14170 | Lair:6   | Found a viscous altar of Jiyva.
 14424 | Lair:6   | Reached ****** piety under Hepliaklqana
 15084 | Lair:6   | Reached skill level 1 in Dodging
 15156 | Lair:6   | Gained mutation: Your large and strong wings let you fly indefinitely. [Gargoyle growth]
 15156 | Lair:6   | Reached XP level 14. HP: 42/77 MP: 4/20
 15496 | Lair:6   | Identified a scroll of acquirement
 15873 | Lair:3   | Reached skill level 1 in Evocations
 16552 | D:9      | Found a shadowy altar of Dithmenos.
 16949 | D:9      | Got a spiked leather armour
 16961 | D:9      | Identified the +6 leather armour of Agnosticism {rPois Int+4} (You found it on level 9 of the Dungeon)
 17154 | D:10     | Entered Level 10 of the Dungeon
 17924 | D:10     | Found a staircase to the Orcish Mines.
 18391 | D:11     | Reached skill level 10 in Fighting
 18747 | D:11     | Reached skill level 5 in Dodging
 19995 | D:13     | Found Foepioro's Changing Room.
 20102 | D:13     | Got a translucent flail
 20103 | D:13     | Identified the +5 flail of Hepliaklqana's Delight {crush, rF+ Str+3 Int+2} (You found it on level 13 of the Dungeon)
 20681 | D:14     | Found a sacrificial altar of Ru.
 20851 | D:14     | Reached skill level 11 in Shields
 20952 | D:14     | Found a gate to the Vaults.
 20975 | D:14     | Reached XP level 15. HP: 82/82 MP: 21/21
 21365 | D:14     | Noticed a fire giant
 21543 | Orc:1    | Entered Level 1 of the Orcish Mines
 21639 | Orc:2    | Entered Level 2 of the Orcish Mines
 21802 | Orc:2    | Found Jiqahiocu's Food Shop.
 21816 | Orc:1    | Found a radiant altar of Vehumet.
 21816 | Orc:1    | Noticed Josephine
 21904 | Orc:1    | Noticed Fannar
 21922 | Orc:1    | Killed Fannar
 22223 | Orc:2    | Killed Josephine
 22299 | Orc:2    | Reached skill level 5 in Evocations
 22696 | Orc:2    | Found Edydymn's Antique Armour Boutique.
 22696 | Orc:2    | Found Juigecul's Magic Scroll Shop.
 22697 | Orc:2    | Found Xatz's Distillery.
 22714 | Orc:2    | Bought a potion of curing for 42 gold pieces
 22714 | Orc:2    | Bought a potion of curing for 42 gold pieces
 22714 | Orc:2    | Bought a potion of might for 56 gold pieces
 22714 | Orc:2    | Bought 2 potions of heal wounds for 140 gold pieces
 22721 | Orc:2    | Bought a scroll of acquirement for 780 gold pieces
 22831 | Orc:2    | Found a staircase to the Elven Halls.
 23112 | Lair:2   | Reached skill level 12 in Shields
 23180 | Spider:1 | Entered Level 1 of the Spider Nest
 23435 | Spider:1 | Reached XP level 16. HP: 74/87 MP: 19/22
 23486 | Spider:1 | Reached skill level 15 in Armour
 24213 | Spider:2 | Noticed Arachne
 24470 | Spider:2 | Killed Arachne
 24601 | Spider:2 | Reached skill level 10 in Dodging
 25071 | Spider:2 | Reached skill level 13 in Shields
 25672 | Spider:3 | Reached XP level 17. HP: 86/91 MP: 1/23
 25907 | Spider:3 | Noticed Aizul
 25926 | Spider:3 | Killed Aizul
 26390 | Spider:4 | Entered Level 4 of the Spider Nest
 27608 | Spider:4 | Reached skill level 14 in Shields
 27891 | Spider:4 | Got a gossamer rune of Zot
 27900 | Spider:4 | Reached XP level 18. HP: 87/96 MP: 0/24
 28322 | Shoals:1 | Entered Level 1 of the Shoals
 31278 | Shoals:4 | Entered Level 4 of the Shoals
 31283 | Shoals:4 | Noticed Polyphemus
 31305 | Shoals:4 | Killed Polyphemus
 31331 | Shoals:4 | Reached skill level 15 in Shields
 31536 | Shoals:4 | Reached XP level 19. HP: 98/102 MP: 25/25
 31618 | Shoals:4 | Found Vozeivuck's Gadget Boutique.
 31758 | Shoals:4 | Got a barnacled rune of Zot
 32164 | Shoals:4 | Noticed Ilsuiw
 32220 | Shoals:4 | Killed Ilsuiw
 32443 | Shoals:4 | Got an ancient mace
 32445 | Shoals:4 | Identified the cursed +1 mace of Equilibrium {distort, rElec rN++ MR- Dex+3} (You found it on level 4 of the Shoals)
 33009 | Orc:2    | Bought smoking ice dragon scales for 1690 gold pieces
 33012 | Orc:2    | Identified the +7 ice dragon scales of Zin's Hatred {rF- rC++ Dex+2} (You bought it in a shop on level 2 of the Orcish Mines)
 33171 | Vaults:1 | Entered Level 1 of the Vaults
 33468 | Vaults:1 | Found Asosapol's Assorted Antiques.
 33645 | Vaults:1 | Noticed Donald
 33657 | Vaults:1 | Killed Donald
 34301 | Vaults:1 | Noticed Asterion
 34315 | Vaults:1 | Killed Asterion
 34576 | Vaults:2 | Reached skill level 16 in Shields
 34948 | Vaults:2 | Reached XP level 20. HP: 111/111 MP: 26/26
 36211 | Vaults:3 | Reached skill level 17 in Shields
 36444 | Vaults:3 | Found a staircase to the Crypt.
 37439 | Vaults:3 | Found Uptiuw's Weapon Shoppe.
 37664 | Vaults:3 | Reached skill level 18 in Shields
 38465 | Vaults:4 | Reached XP level 21. HP: 80/118 MP: 12/27
 38784 | Vaults:4 | Reached skill level 19 in Shields
 39002 | Vaults:4 | Found Ifoasyan's General Store.
 39178 | Vaults:4 | Found Nuwnuon's Food Shop.
 39382 | Vaults:4 | Found Fonuts's Jewellery Emporium.
 39383 | Vaults:4 | Noticed Jory
 39386 | Vaults:4 | Noticed Saint Roka
 39409 | Vaults:4 | Killed Jory
 39416 | Vaults:4 | Killed Saint Roka
 39717 | Vaults:4 | Bought a +4 ring of slaying for 780 gold pieces
 39749 | Vaults:4 | Noticed Boris
 39750 | Vaults:4 | Found Zaxkygga's Armour Shoppe.
 39769 | Vaults:4 | Killed Boris
 39769 | Vaults:4 | Reached skill level 15 in Fighting
 40116 | Vaults:5 | Entered Level 5 of the Vaults
 40156 | Vaults:5 | Reached skill level 20 in Shields
 40251 | Vaults:5 | Reached XP level 22. HP: 64/126 MP: 16/28
 40278 | Vaults:5 | Reached skill level 21 in Shields
 40294 | Vaults:5 | Noticed a golden dragon
 40386 | Vaults:5 | Noticed an ancient lich
 40394 | Vaults:5 | Killed a golden dragon
 40408 | Vaults:5 | Killed an ancient lich
 40549 | Vaults:5 | Reached skill level 22 in Shields
 40561 | Vaults:5 | Noticed a caustic shrike
 40561 | Vaults:5 | an azure jelly changed into a caustic shrike
 40563 | Vaults:5 | Noticed a juggernaut
 40563 | Vaults:5 | a caustic shrike changed into a juggernaut
 40565 | Vaults:5 | a juggernaut changed into a titan
 40642 | Vaults:5 | Paralysed by a sphinx for 7 turns
 40653 | Vaults:5 | HP: 5/129 [harpy[a vault warden] (7)]
 40672 | Vaults:5 | Killed from afar by a titan

Skill      XL: |  1  2  3  4  5  6  7  8  9 10 11 12 13 14 15 16 17 18 19 20 21 22 |
---------------+-------------------------------------------------------------------+-----
Maces & Flails | 3 4 5 6 8 9 11 13 14 | 14.0
Armour         | 4 5 7 8 9 10 12 13 14 15 16 17 | 17.6
Shields        | 4 5 6 8 9 10 11 12 13 14 15 16 18 20 22 | 22.2
Invocations    | 1 6 8 9 |  9.2
Fighting       | 6 9 10 11 12 14 15 16 | 16.9
Dodging        | 2 6 8 10 12 13 14 | 14.4
Evocations     | 4 6 7 9 |  9.3

Action                   |  1- 3 |  4- 6 |  7- 9 | 10-12 | 13-15 | 16-18 | 19-21 | 22-24 || total
-------------------------+-------+-------+-------+-------+-------+-------+-------+-------++-------
Melee: Flail             |    66 |   150 |   463 |   631 |  1417 |  1572 |  1287 |   304 ||  5890
       Kick              |       |       |    59 |       |       |       |       |       ||    59
Invok: Recall Ancestor   |       |       |     4 |       |     1 |     4 |       |     1 ||    10
       Ancestor Life: He |       |       |     1 |       |       |       |       |       ||     1
       Transference      |       |       |       |     1 |     1 |     1 |     1 |     4 ||     8
       Idealise          |       |       |       |       |     6 |     7 |     9 |       ||    22
 Abil: Fly               |       |       |       |       |     1 |       |       |       ||     1
       Evoke Berserk Rag |       |       |       |       |     4 |       |       |       ||     4
Evoke: Wand              |       |       |       |    11 |     9 |    21 |    23 |     2 ||    66
       Lightning rod     |       |       |       |       |       |       |     4 |     4 ||     8
  Use: Potion            |       |     1 |     7 |     4 |     7 |     6 |     7 |    16 ||    48
       Scroll            |       |       |    20 |     8 |    18 |     9 |    14 |     2 ||    71
 Stab: Distracted        |       |       |     4 |     8 |    16 |     9 |     5 |       ||    42
       Confused          |       |       |     2 |     7 |    17 |    12 |    39 |     1 ||    78
       Petrified         |       |       |       |       |     7 |       |       |       ||     7
       Paralysed         |       |       |       |       |    18 |   105 |    79 |       ||   202
  Eat: Chunk             |       |     4 |    13 |    16 |    15 |    17 |    17 |       ||    82
       Fruit             |       |       |     3 |     2 |    16 |    14 |     2 |       ||    37
       Royal jelly       |       |       |       |     2 |     3 |       |       |       ||     5
       Bread ration      |       |       |       |       |     1 |       |     3 |       ||     4
Armor: Scale mail        |    41 |       |       |       |       |       |       |       ||    41
       Ring mail         |       |    68 |   252 |   152 |   163 |       |       |       ||   635
       Plate armour      |       |       |       |       |   284 |   828 |   313 |    77 ||  1502
       Leather armour    |       |       |       |       |    20 |       |       |       ||    20
       Skin              |       |       |       |       |     1 |       |       |       ||     1
Dodge: Dodged            |    24 |    54 |   174 |   288 |   833 |  1135 |   489 |    71 ||  3068
Block: Shield            |    57 |    61 |   134 |       |       |       |       |       ||   252
       Large shield      |       |       |   239 |   602 |  1548 |  2683 |  1321 |   202 ||  6595
       Reflection        |       |       |       |       |       |    71 |    92 |     5 ||   168
